 Dungeon Crawl Stone Soup version 0.31.0-11-ge490571c62 (webtiles) character file.

Game seed: 12594249481657151371

455 qw the Skirmisher (level 6, -3/35 HPs)
             Began as a Deep Elf Hunter on Feb 4, 2024.
             Succumbed to a hornet's poison
             ... on level 4 of the Dungeon.
             The game lasted 00:00:36 (2604 turns).

qw the Skirmisher (Deep Elf Hunter)                 Turns: 2604, Time: 00:00:36

Health: -3/35      AC:  8    Str: 10    XL:     6   Next: 76%
Magic:  0/8        EV: 14    Int: 14    God:
Gold:   265        SH:  0    Dex: 18    Spells: 5/5 levels left

rFire   . . .        a - +0 shortbow
rCold   + . .        (shield currently unavailable)
rNeg    . . .        i - +2 robe {rC+}
rPois   .            (no helmet)
rElec   .            (no cloak)
rCorr   .            k - +2 pair of gloves
SInv    .            f - +0 pair of boots
Will    .....        b - amulet of guardian spirit
Stlth   ++           (no ring)
HPRegen 0.25/turn    (no ring)
MPRegen 0.11/turn

%: guardian spirit
@: lethally poisoned (-3 -> -23)
A: no striking features
a: no special abilities


You were on level 4 of the Dungeon.
You visited 1 branch of the dungeon, and saw 5 of its levels.

You collected 265 gold pieces.


   Skills:
 - Level 2.0 Fighting
 - Level 10.1 Ranged Weapons
 + Level 3.7 Dodging
 - Level 1.2 Stealth


You had 5 spell levels left.
You didn't know any spells.
Your spell library was empty.

Inventory:

Hand Weapons
 a - a +0 shortbow (weapon)
Armour
 f - a +0 pair of boots (worn)
 g - a +3 leather armour
 i - a +2 robe of cold resistance (worn)
 k - a +2 pair of gloves (worn)
Jewellery
 b - an amulet of guardian spirit (around neck)
 l - an amulet of the acrobat
Wands
 c - a wand of iceblast (19)
 h - a wand of flame (22)
Scrolls
 n - a scroll of vulnerability {unknown}
Potions
 d - 2 potions of cancellation
 e - a potion of mutation {unknown}
 j - a potion of curing

Dungeon Overview and Level Annotations

Branches:
Dungeon (5/15)
 Temple: D:4-7

Altars:

Annotations:
D:2 1 runed translucent door, Crazy Yiuf
D:4 Dowan, Duvessa


Message History

The hornet is moderately wounded.
The hornet stings you.
You feel yourself slow down. The hornet misses you.
You shoot an arrow. The arrow closely misses the hornet.
The arrow misses the adder.
You feel yourself speed up. The hornet stings you!
You feel yourself slow down.
The orc priest begins to cast a cantrip, but forgets the words!
The orc closely misses you.
The hornet stings you but does no damage.
2601 ||| DRINKING potion of heal wounds.
You feel much better.
Dowan, Brother of Duvessa comes into view.
He is wielding a +0 rapier.
The orc hits you but does no damage. The hornet completely misses you.
The hornet stings you.
You suddenly lose the ability to move!
The orc hits you from afar with a +0 trident.
You can move again.
You shoot an arrow.
Dowan shouts!
The arrow hits the hornet.
The hornet is moderately wounded.
You feel yourself speed up. The hornet completely misses you.
The orc barely misses you. The hornet stings you.
You are poisoned.
You feel yourself slow down.
You shoot an arrow. The arrow barely misses the hornet.
The arrow hits the adder but does no damage.
The adder is severely wounded.
You feel very sick. The hornet stings you!
You are more poisoned.
You shrug off the repeated paralysis!
The orc hits you from afar with a +0 trident.
The hornet stings you but does no damage.
The orc priest looks braver for a moment.
You shoot an arrow. The arrow closely misses the hornet.
The arrow closely misses the adder.
The arrow hits Duvessa.
Duvessa is lightly wounded.
You feel yourself speed up.
You die...

##### #...# #.#.#
######### #.#.## .......?#
###.#.## ........#
#...#.##
.......o#############..%..
......eSy@...........>#...
.......o####......###.#.##
#.....o## #......# #.#...
#...... #......# #.#.#.
#..)e.. #......# #.#...
#.!.... #...#### #.####
#...... #...# #.....
....... #...# #.#### #...#
#.#


You could see Duvessa, a hornet, Dowan, an orc priest, an adder and 2 orcs.

Vanquished Creatures
  Grinder (D:3)
  Ijyb (D:3)
  Jessica (D:2)
  Natasha (D:2)
  An orc wizard (D:2)
  7 adders
  3 dart slugs
  A ribbon worm (D:2)
  12 orcs
  4 bats
  10 endoplasms
  A giant cockroach (D:3)
  6 goblins
  2 hobgoblins (D:3)
  3 jackals (D:2)
  6 quokkas
  6 ball pythons
  3 frilled lizards
  6 rats
75 creatures vanquished.

Notes
Turn   | Place    | Note
-------+----------+-------------------------------------------
     0 | D:1      | qw the Deep Elf Hunter began the quest for the Orb.
     0 | D:1      | Reached XP level 1. HP: 12/12 MP: 3/3
     0 | D:1      | 0 ||| qw: Version: 0.3-a-160-g6735b56
     0 | D:1      | 0 ||| qw: Game counter: 5479
     0 | D:1      | 0 ||| qw: Melee chars always use a shield: true
     0 | D:1      | 0 ||| qw: God list: Okawaru
     0 | D:1      | 0 ||| qw: Allow faded altars: false
     0 | D:1      | 0 ||| qw: Do Orc after clearing Dungeon:15 true
     0 | D:1      | 0 ||| qw: Do second Lair branch before Depths: true
     0 | D:1      | 0 ||| qw: Lair rune preference: random
     0 | D:1      | 0 ||| qw: Goals: Normal
     0 | D:1      | 0 ||| PLANNING D:1-11
   108 | D:1      | Reached skill level 6 in Ranged Weapons
   108 | D:1      | Reached XP level 2. HP: 16/16 MP: 4/4
   286 | D:1      | Found a faded altar of an unknown god.
   587 | D:1      | 587 ||| UPGRADING to +0 pair of boots.
   592 | D:1      | 592 ||| DROPPING ring of wizardry.
   593 | D:1      | 593 ||| READING 2 scrolls labelled YVVUYKUM WURAEQ.
   593 | D:1      | 593 ||| IDENTIFYING 2 bubbling silvery potions
   594 | D:1      | 594 ||| READING scroll of identify.
   594 | D:1      | 594 ||| IDENTIFYING scroll labelled PINAF CIMIYJUSH
   595 | D:1      | 595 ||| DROPPING scroll of butterflies.
   596 | D:1      | 596 ||| DROPPING scroll of fog.
   631 | D:1      | 631 ||| UPGRADING to amulet of guardian spirit.
   793 | D:2      | Noticed Jessica
   794 | D:2      | Killed Jessica
   795 | D:2      | Reached skill level 7 in Ranged Weapons
   795 | D:2      | Reached XP level 3. HP: 20/20 MP: 5/5
   862 | D:2      | Reached XP level 4. HP: 25/25 MP: 6/6
  1066 | D:2      | Reached skill level 8 in Ranged Weapons
  1196 | D:2      | Found a runed translucent door.
  1197 | D:2      | Noticed Crazy Yiuf
  1343 | D:2      | 1343 ||| UPGRADING to +2 robe of cold resistance.
  1353 | D:2      | 1353 ||| DROPPING +0 leather armour.
  1354 | D:2      | 1354 ||| UPGRADING to +0 pair of gloves.
  1359 | D:2      | 1359 ||| READING 2 scrolls labelled RUTTERPHEFOZO.
  1360 | D:2      | 1360 ||| READING 2 scrolls labelled SOIBOI FEBEIBA.
  1360 | D:2      | 1360 ||| ENCHANTING +0 pair of gloves.
  1361 | D:2      | 1361 ||| READING scroll of enchant armour.
  1361 | D:2      | 1361 ||| ENCHANTING +1 pair of gloves.
  1362 | D:2      | 1362 ||| READING scroll labelled HEAM IROLUVEFU.
  1417 | D:2      | 1417 ||| DROPPING scroll of amnesia.
  1437 | D:3      | Noticed Natasha
  1439 | D:3      | 1439 ||| STAIRDANCE
  1448 | D:2      | 1448 ||| RETREEEEATING.
  1449 | D:2      | 1449 ||| RETREEEEATING.
  1450 | D:2      | HP: 6/25 [orc/+0 falchion (2)]
  1453 | D:2      | 1453 ||| RETREEEEATING.
  1455 | D:2      | HP: 4/25 [cerulean imp/+0 spear[Natasha] (2)]
  1461 | D:2      | HP: 5/25 [cerulean imp/+0 spear[Natasha] (1)]
  1462 | D:2      | HP: 2/25 [cerulean imp/+0 spear[Natasha] (1)]
  1468 | D:2      | HP: 3/25 [cerulean imp/+2 spear[Natasha] (1)]
  1474 | D:2      | HP: 4/25 [cerulean imp/+2 spear[Natasha] (1)]
  1476 | D:2      | Killed Natasha
  1477 | D:2      | Reached skill level 3 in Dodging
  1477 | D:2      | Reached XP level 5. HP: 5/29 MP: 1/7
  1570 | D:3      | 1570 ||| STAIRDANCE
  1636 | D:3      | Noticed Grinder
  1637 | D:3      | 1637 ||| STAIRDANCE
  1652 | D:3      | 1652 ||| STAIRDANCE
  1668 | D:3      | 1668 ||| STAIRDANCE
  1676 | D:3      | 1676 ||| STAIRDANCE
  1687 | D:3      | 1687 ||| STAIRDANCE
  1698 | D:3      | 1698 ||| STAIRDANCE
  1708 | D:3      | Paralysed by Grinder for 3 turns
  1716 | D:3      | 1716 ||| STAIRDANCE
  1780 | D:3      | 1780 ||| STAIRDANCE
  1808 | D:3      | Paralysed by Grinder for 3 turns
  1814 | D:3      | Killed Grinder
  1815 | D:3      | Reached skill level 10 in Ranged Weapons
  1815 | D:3      | Reached XP level 6. HP: 31/34 MP: 6/8
  1887 | D:3      | Noticed Ijyb
  1891 | D:3      | 1891 ||| FLEEEEING.
  1892 | D:3      | 1892 ||| FLEEEEING.
  1893 | D:3      | 1893 ||| FLEEEEING.
  1896 | D:3      | 1896 ||| FLEEEEING.
  1897 | D:3      | 1897 ||| FLEEEEING.
  1898 | D:3      | 1898 ||| FLEEEEING.
  1899 | D:3      | 1899 ||| FLEEEEING.
  1907 | D:3      | Killed Ijyb
  1929 | D:3      | 1929 ||| FLEEEEING.
  1930 | D:3      | 1930 ||| FLEEEEING.
  1931 | D:3      | 1931 ||| FLEEEEING.
  1932 | D:3      | 1932 ||| FLEEEEING.
  1933 | D:3      | 1933 ||| FLEEEEING.
  1991 | D:3      | You fall into a shaft and drop 2 floors!
  1991 | D:5      | Entered Level 5 of the Dungeon
  1992 | D:5      | 1992 ||| DRINKING 2 fizzy purple potions.
  2130 | D:4      | 2130 ||| DROPPING +6 ring of intelligence.
  2131 | D:4      | 2131 ||| READING 2 scrolls of identify.
  2131 | D:4      | 2131 ||| IDENTIFYING yellow potion
  2132 | D:4      | 2132 ||| READING scroll of identify.
  2132 | D:4      | 2132 ||| IDENTIFYING scroll labelled HIERAAP LEXTA
  2133 | D:4      | 2133 ||| DROPPING scroll of poison.
  2586 | D:4      | Noticed a hornet
  2589 | D:4      | 2589 ||| RETREEEEATING.
  2590 | D:4      | 2590 ||| RETREEEEATING.
  2593 | D:4      | Noticed Duvessa
  2600 | D:4      | HP: 7/35 [hornet (6)]
  2601 | D:4      | 2601 ||| DRINKING potion of heal wounds.
  2601 | D:4      | Noticed Dowan
  2601 | D:4      | Paralysed by a hornet for 1 turns
  2603 | D:4      | HP: 3/35 [orc/+0 trident (2)]
  2604 | D:4      | Succumbed to a hornet's poison

Levels and vault maps discovered:
D:1:      tarquinn_simple_flora_water_e, layout_rooms,
          shapermc_ecumenical_altar_gd, hangedman_glass_teeth, minivault_11
D:2:      layout_basic, nrook_mini_vaults, uniq_jessica, uniq_crazy_yiuf_cottage
D:3:      minmay_evil_eye, layout_rooms, kennysheep_flooded_box, uniq_ijyb,
          uniq_grinder, uniq_natasha
D:4:      layout_basic, uniq_duvessa
D:5:      layout_cave_pods, nicolae_ru_great_annihilating_truth,
          kennysheep_mini, old_standard_altar, lemuel_doored_altar,
          minmay_temple_entry_glassed_door, serial_shops, shop,
          ebering_ghost_reflecting_pool, minmay_misc_feat_secret_circle

Skill      XL: |  1  2  3  4  5  6 |
---------------+-------------------+-----
Ranged Weapons | 6 7 8 10 | 10.1
Dodging        | 3 |  3.7
Fighting       | 2 |  2.0
Stealth        | |  1.2

Action                     |  1- 3 |  4- 6 || total
---------------------------+-------+-------++-------
   Fire: Shortbow          |    76 |   217 ||   293
    Use: Scroll            |     2 |     6 ||     8
         Potion            |       |     2 ||     2
 Armour: Leather armour    |    12 |     7 ||    19
         Robe              |       |   117 ||   117
  Dodge: Dodged            |    18 |   145 ||   163

Table legend:
 A = Non-vault XP
 B = Vault XP
 C = Vault XP percentage of total XP
 D = Non-vault monster count
 E = Vault monster count
 F = Vault count percentage of total count
                 A         B        C        D         E       F
            +---------+---------+-------+---------+---------+-------
      Total |     246 |     405 |  62.2 |      65 |      10 |  13.3
            +---------+---------+-------+---------+---------+-------
        D:1 |      29 |       0 |   0.0 |      16 |       0 |   0.0
        D:2 |     171 |      73 |  29.9 |      35 |       2 |   5.4
        D:3 |      37 |     332 |  90.0 |      11 |       8 |  42.1
        D:4 |       9 |       0 |   0.0 |       3 |       0 |   0.0
            +---------+---------+-------+---------+---------+-------
